 Dungeon Crawl Stone Soup version 0.29.1-2-gbd0b4ee654 (webtiles) character file.

Game seed: 5216027568830728764

961 DildoBatman the Magician (level 8, 0/58 HPs)
             Began as a Formicid Conjurer on Nov 25, 2022.
             Engulfed by a steam dragon's steam (12 damage)
             ... on level 6 of the Dungeon.
             The game lasted 00:17:08 (4400 turns).

DildoBatman the Magician (Formicid Conjurer)        Turns: 4400, Time: 00:17:09

Health: 0/58       AC:  5    Str: 11    XL:     8   Next: 37%
Magic:  5/15       EV: 27    Int: 19    God:
Gold:   197        SH:  5    Dex: 16    Spells: 9/17 levels left

rFire   . . .      SeeInvis +   a - +2 dagger (venom)
rCold   + . .      Faith    .   o - +0 buckler
rNeg    . . .      Spirit   .   c - +0 robe
rPois   +          Reflect  .   (helmet unavailable)
rElec   .          Harm     .   (no cloak)
rCorr   .          Rampage  .   j - +1 pair of gloves
Will    .....                   n - +0 pair of boots
Stlth   ++........              l - amulet of the acrobat
HPRegen 0.19/turn               k - ring of protection from cold
MPRegen 0.14/turn               (no ring)

@: acrobatic
A: permanent stasis, dig shafts and tunnels, antennae 3, four strong arms, agile
1, poison resistance, evolution 1
a: Dig, Shaft Self


You were on level 6 of the Dungeon.
You visited 1 branch of the dungeon, and saw 6 of its levels.

You collected 197 gold pieces.

Inventory:

Hand Weapons
 a - a +2 dagger of venom (weapon)
 b - a +0 sling
 d - a +2 dagger of holy wrath
 e - a +2 short sword of speed
Missiles
 h - 2 boomerangs
 s - 3 poisoned darts
 u - 44 stones
Armour
 c - a +0 robe (worn)
 j - a +1 pair of gloves (worn)
 n - a +0 pair of boots (worn)
 o - a +0 buckler (worn)
Jewellery
 k - a ring of protection from cold (left hand)
 l - an amulet of the acrobat (around neck)
Scrolls
 f - a scroll of immolation {unknown}
 m - 2 scrolls of summoning {unknown}
 p - a scroll of amnesia {unknown}
 z - 2 scrolls of identify
Potions
 g - 2 potions of mutation
 t - a potion of curing


   Skills:
 - Level 3.0 Fighting
 - Level 3.0 Armour
 - Level 2.0 Dodging
 - Level 2.4 Stealth
 - Level 3.0 Shields
 * Level 5.1 Spellcasting
 - Level 5.0 Conjurations
 * Level 3.7 Necromancy
 - Level 2.0 Fire Magic


You had 9 spell levels left.
You knew the following spells:

 Your Spells              Type           Power      Damage    Failure   Level
a - Searing Ray           Conj           46%        2d6       3%          2
b - Conjure Flame         Conj/Fire      18%        6-21      11%         3
c - Magic Dart            Conj           92%        1d7       1%          1
z - Sublimation of Blood  Necr           19%        N/A       4%          2

Your spell library contained the following spells:

 Spells                   Type           Power      Damage    Failure   Level
 Dazzling Flash           Conj/Hex       28%        N/A       16%         3
 Wereblood                Tmut           4%         N/A       22%         2
 Ignite Poison            Fire/Tmut/Pois 7%         N/A       34%         3
 Sticky Flame             Conj/Fire      18%        2d4       34%         4
 Fulminant Prism          Conj/Hex       7%         3d7       47%         4
 Iskenderun's Mystic Bla  Conj/Tloc      14%        2d5       47%         4
 Borgnjor's Vile Clutch   Necr/Erth      6%         N/A       89%         5
 Alistair's Intoxication  Tmut/Pois      2%         N/A       99%         5
 Eringya's Noxious Bog    Tmut/Pois      2%         N/A       100%        6
 Summon Hydra             Summ           2%         N/A       100%        7


Dungeon Overview and Level Annotations

Branches:
Dungeon (6/15)
 Temple: D:4-7

Altars:
Makhleb

Shops:
D:3 :

Annotations:
D:2 Sigmund
D:4 exclusions: black bear, gnoll and sensed monster (detected)
D:5 exclusion: sensed monster (detected), Duvessa, Grinder


Innate Abilities, Weirdness & Mutations

You cannot be hasted, slowed, berserked, paralysed or teleported.
You can dig through walls and to a lower floor.
You have a pair of large antennae on your head. (SInv)
Your four strong arms can wield two-handed weapons with a shield.
You are agile. (Dex +4, Str/Int -1)
Your system is resistant to poisons. (rPois)
You have hidden genetic potential.


Message History

The steam dragon closely misses you. The steam dragon misses you.
You hit the steam dragon.
The steam dragon is poisoned.
The steam dragon is lightly wounded.
You are engulfed in a cloud of scalding steam.
The steam dragon breathes steam at you. The ball of steam hits you!
Casting: Magic Dart (safe; 1% risk of failure)
Confirm with . or Enter, or press ? or * to list all spells.
Aiming: Searing Ray (safe; 3% risk of failure)
Press: ? - help, Shift-Dir - straight line, f - steam dragon
Aim: a steam dragon (lightly wounded, very poisoned, catching its breath, 78% to hit)
The searing ray hits the steam dragon.
The steam dragon is moderately wounded. (Press . to maintain the ray.)
The steam dragon bites you.
The steam dragon claws you but does no damage.
The searing ray hits the steam dragon.
The steam dragon is heavily wounded.
The steam dragon completely misses you. x2
The searing ray hits the steam dragon but does no damage.
The steam dragon is heavily wounded.
The steam dragon bites you! The steam dragon completely misses you.
The searing ray hits the steam dragon.
The steam dragon is severely wounded.
You finish channelling your searing ray.
The steam dragon breathes steam at you. The ball of steam misses you.
Casting: Searing Ray (safe; 3% risk of failure)
Confirm with . or Enter, or press ? or * to list all spells.
Aiming: Searing Ray (safe; 3% risk of failure)
Press: ? - help, Shift-Dir - straight line, f/p - steam dragon
Aim: a steam dragon (severely wounded, very poisoned, catching its breath, 78% to hit)
The searing ray hits the steam dragon.
The steam dragon is severely wounded. (Press . to maintain the ray.)
You are engulfed in a cloud of scalding steam.
You die...

{# *,#....,,,..# #.# .#
*,###'##*#########.####
##**,**{..#* #........#
,,,*,*,{...#*####.###.##.#
**,*,,,,....##.....##.##.#
,,,,,,,,,....#.##...#..#.#
.,,,,,,,,....'§........#)#
#*,*,,,,,....#.#D...####.#
#*,**,,,,.,,*#..@........#
**,***,,,,,**###§#########
,>,* **,,,** #§# ****
**+** #§# *,* #§# *<* #§#
**,** #.# ***
#*,,,*#####.# ,,*
#..,{,#.))..#


You could see a steam dragon (very poisoned, catching breath).

Vanquished Creatures
  An ice beast (D:6)
  A black bear (D:6)
  2 phantoms
  A necrophage (D:6)
  A scorpion (D:5)
  A hound (D:4)
  A jelly (D:6)
  2 orc priests
  An iguana (D:4)
  3 orc wizards
  A hound skeleton (D:4)
  12 adders
  6 gnolls
  A shadow imp (D:3)
  A worm (D:2)
  3 dart slugs
  15 orcs
  3 ball pythons
  4 endoplasms
  A giant cockroach (D:1)
  10 goblins
  4 hobgoblins
  3 kobolds
  2 quokkas
  7 bats
  A frilled lizard (D:2)
  2 rats
90 creatures vanquished.

Vanquished Creatures (others)
  A fungus (D:5)
  37 plants (D:2)
38 creatures vanquished.

Grand Total: 128 creatures vanquished

Notes
Turn   | Place    | Note
-------+----------+-------------------------------------------
     0 | D:1      | DildoBatman the Formicid Conjurer began the quest for the
                  | Orb.
     0 | D:1      | Reached XP level 1. HP: 13/13 MP: 3/3
   185 | D:1      | Reached XP level 2. HP: 17/20 MP: 3/5
   188 | D:1      | Learned a level 2 spell: Searing Ray
   386 | D:1      | Reached skill level 1 in Fighting
   386 | D:1      | Reached skill level 1 in Armour
   386 | D:1      | Reached XP level 3. HP: 21/26 MP: 3/6
   678 | D:1      | Found a faded altar of an unknown god.
   839 | D:2      | Reached XP level 4. HP: 27/32 MP: 3/8
   884 | D:2      | Learned a level 3 spell: Conjure Flame
  1324 | D:2      | Reached XP level 5. HP: 37/38 MP: 6/9
  1359 | D:2      | Learned a level 2 spell: Sublimation of Blood
  1528 | D:2      | Noticed Sigmund
  1551 | D:2      | Gained mutation: You are agile. (Dex +4, Str/Int -1)
                  | [potion of mutation]
  1551 | D:2      | Gained mutation: Your flesh is cold resistant. (rC+)
                  | [potion of mutation]
  1551 | D:2      | Gained mutation: You passively map a small area around you.
                  | [potion of mutation]
  1569 | D:2      | You are sucked into a shaft and drop 1 floor!
  1897 | D:2      | You fall into a shaft and drop 1 floor!
  1932 | D:3      | Reached skill level 1 in Fire Magic
  2164 | D:3      | Reached XP level 6. HP: 46/46 MP: 2/10
  2304 | D:3      | Found Rawec Onk's Book Boutique.
  2910 | D:4      | Reached skill level 1 in Shields
  3016 | D:4      | Noticed a black bear
  3383 | D:4      | Reached XP level 7. HP: 52/52 MP: 9/12
  3476 | D:4      | Found a burning altar of Makhleb.
  3561 | D:4      | Reached skill level 1 in Necromancy
  3656 | D:5      | Entered Level 5 of the Dungeon
  3808 | D:5      | Noticed Duvessa
  3809 | D:5      | Noticed Grinder
  4100 | D:6      | Noticed a steam dragon
  4168 | D:6      | Reached skill level 5 in Conjurations
  4168 | D:6      | Reached XP level 8. HP: 58/58 MP: 9/14
  4205 | D:6      | Lost mutation: Your flesh is cold resistant. (rC+) [potion
                  | of mutation]
  4205 | D:6      | Lost mutation: You passively map a small area around you.
                  | [potion of mutation]
  4205 | D:6      | Gained mutation: Your system is resistant to poisons.
                  | (rPois) [potion of mutation]
  4205 | D:6      | Gained mutation: You have hidden genetic potential. [potion
                  | of mutation]
  4324 | D:6      | Reached skill level 5 in Spellcasting
  4400 | D:6      | Engulfed by a steam dragon's steam

Illustrated notes

Levels and vault maps discovered:
D:1:      spicycebolla_arrival_transporter_tutorial, layout_basic,
          basic_ecumenical_altar
D:2:      layout_loops_ring, amcnicky_mini_corridor_feature, minivault_25,
          kennysheep_crisscross, kennysheep_boxes, uniq_sigmund
D:3:      layout_basic, serial_shops, shop, hex_large, grunt_decor_one_mirror
D:4:      layout_cave_pools, makhleb_blood_cavern_becter, minmay_vboxes
D:5:      minmay_inner_zag, layout_basic, uniq_crazy_yiuf_cottage, uniq_grinder,
          uniq_duvessa, uniq_menkaure
D:6:      layout_loops_corners, minmay_starry_boxes

Skill      XL: |  1  2  3  4  5  6  7  8 |
---------------+-------------------------+-----
Dodging        | 2 |  2.0
Fighting       | 1 2 3 |  3.0
Armour         | 1 2 3 |  3.0
Conjurations   | 4 5 |  5.0
Spellcasting   | 3 4 5 |  5.1
Fire Magic     | 1 2 |  2.0
Shields        | 1 3 |  3.0
Necromancy     | 2 3 |  3.7
Stealth        | |  2.4

Action                   |  1- 3 |  4- 6 |  7- 9 || total
-------------------------+-------+-------+-------++-------
Melee: Unarmed           |     5 |       |       ||     5
       Short sword       |     7 |    16 |       ||    23
       Dagger            |       |    14 |    49 ||    63
       Punch             |       |       |     1 ||     1
 Fire: Sling             |    18 |    41 |     7 ||    66
 Cast: Magic Dart        |    22 |    32 |     8 ||    62
       Searing Ray       |     5 |    21 |    13 ||    39
       Conjure Flame     |       |     1 |       ||     1
 Abil: Shaft Self        |       |     2 |       ||     2
       Dig               |       |     1 |     2 ||     3
  Use: Potion            |       |     5 |     4 ||     9
       Scroll            |       |     2 |     2 ||     4
 Stab: Sleeping          |       |     3 |       ||     3
Armor: Robe              |     2 |    19 |    10 ||    31
Dodge: Dodged            |     8 |    65 |    56 ||   129
Block: Buckler           |       |       |     6 ||     6
